 Dungeon Crawl Stone Soup version 0.23.2-33-g5129a83184 (webtiles) character file.

Game seed: 14682858792588193945

639 Kold the Insei (level 7, 0/43 HPs)
             Began as an Octopode Transmuter on July 18, 2019.
             Killed from afar by Dowan (8 damage)
             ... with a puff of flame
             ... on level 4 of the Dungeon on July 20, 2019.
             The game lasted 00:11:23 (4837 turns).

Kold the Insei (Octopode Transmuter)                Turns: 4837, Time: 00:11:23

Health: 0/43       AC:  2    Str: 10    XL:     7   Next: 50%
Magic:  10/12      EV: 20    Int: 17    God:
Gold:   207        SH:  0    Dex: 17    Spells: 7/13 levels left

rFire    . . .     SeeInvis .     - Unarmed
rCold    . . .     Gourm    .   (shield currently unavailable)
rNeg     . . .     Faith    .   (helmet currently unavailable)
rPois    .         Spirit   .   (no amulet)
rElec    .         Reflect  .   d - ring of poison resistance
rCorr    .         Harm     .   (no ring)
MR       .....                  (no ring)
Stlth    +++.......             (no ring)
HPRegen  0.14/turn              (no ring)
MPRegen  0.13/turn              (no ring)
                                (no ring)
                                (no ring)

@: spider-form
A: tiny, almost no armour, stealthy swim, (amphibious), 8 rings, (constrict 8)
a: End Transformation


You were on level 4 of the Dungeon.
You were hungry.
You were a venomous arachnid creature.
You visited 1 branch of the dungeon, and saw 5 of its levels.

You collected 207 gold pieces.

Inventory:

Hand Weapons
 e - a +0 club
Missiles
 a - 134 arrows
Jewellery
 d - a ring of poison resistance (left front leg)
 m - an uncursed ring of ice
Wands
 b - a wand of acid (1)
Scrolls
 j - a scroll of amnesia {unknown}
 l - 4 scrolls of identify
 p - 2 scrolls of remove curse
 r - 2 scrolls of teleportation
 t - a scroll of fear {unknown}
 y - a scroll of enchant weapon {unknown}
Potions
 f - 3 potions of lignification {unknown}
 g - 3 potions of heal wounds {unknown}
 h - a potion of ambrosia {unknown}
 i - 6 potions of curing
 k - a potion of mutation {unknown}
 n - a potion of flight {unknown}
 o - 2 potions of haste {unknown}
 q - a potion of degeneration {unknown}
 s - 2 potions of agility {unknown}
 v - a potion of brilliance {unknown}
 w - 2 potions of cancellation {unknown}
 x - a potion of might {unknown}
Comestibles
 c - 11 rations


   Skills:
 - Level 1.0 Fighting
 - Level 2.1 Dodging
 - Level 4.0 Stealth
 + Level 4.7 Unarmed Combat
 + Level 3.9 Spellcasting
 + Level 4.1 Transmutations
 + Level 3.3 Poison Magic


You had 7 spell levels left.
You knew the following spells:

 Your Spells              Type           Power        Failure   Level  Hunger
a - Beastly Appendage     Tmut           ###...       10%         1    None
b - Sticks to Snakes      Tmut           ###.....     13%         2    ##.....
c - Spider Form           Tmut/Pois      ###.......   24%         3    ###....

Your spell library contained the following spells:

 Spells                   Type           Power        Failure   Level  Hunger
 Ice Form                 Ice/Tmut       ##......     77%         4    ####...
 Blade Hands              Tmut           ###.......   80%         5    ######.


Dungeon Overview and Level Annotations

Branches:
Dungeon (5/15)
 Temple: D:4-7

Altars:
Dithmenos
Elyvilon
Kikubaaqudgha
Sif Muna
Wu Jian
Zin

Shops:
D:5 **

Annotations:
D:4 Dowan, Duvessa
D:5 Prince Ribbit


Innate Abilities, Weirdness & Mutations

You cannot wear most types of armour.
You are very stealthy in the water. (Stealth+)
((You are amphibious.))
You can wear up to eight rings at the same time.
((You can use your tentacles to constrict eight enemies at once.))
((Your skin changes colour to match your surroundings (Stealth+).))
((Your rubbery body absorbs attacks. (AC +1, EV +1)))


Message History

Dowan hits you with a +0 dagger. Duvessa misses you. The crimson imp hits you.
You closely miss Dowan.
Dowan is severely wounded.
Duvessa hits you with a +0 short sword! Dowan gestures at you while chanting.
You resist with some effort. The crimson imp misses you.
You closely miss Dowan.
Dowan is severely wounded.
Duvessa completely misses you. Dowan hits you but does no damage.
Duvessa closely misses you.
You hit Dowan.
Dowan is almost dead.
The crimson imp shouts, "Crawl home, thou canting elf-skinned nightsoil!"
The crimson imp blinks!
Duvessa barely misses you. Dowan gestures at you while chanting.
The puff of frost hits you!
* * * LOW HITPOINT WARNING * * *
Dowan gestures at you while chanting. The puff of flame hits you!
You die...

..........## #.#
###......## #.# #
######## #.# #.# #.#
#####.# ### #.<...#
..#############.....#
...............§s...#
..#############.ee..#
..# #>5...# ..#
#.....# ### #######


You could see Duvessa, Dowan and a crimson imp.

Vanquished Creatures
  Eustachio (D:4)
  A bullfrog (D:4)
  A howler monkey (D:5)
  2 orc priests (D:4)
  An orc wizard (D:4)
  Terence (D:2)
  3 worker ants (D:4)
  An iguana (D:4)
  A gnoll (D:4)
  7 adders
  A shadow imp (D:3)
  3 oozes
  2 adder skeletons (D:4)
  2 worms
  A dart slug (D:2)
  2 leopard geckos
  4 orcs (D:4)
  6 giant cockroaches
  6 goblins
  5 hobgoblins
  8 jackals
  2 ball pythons
  11 bats
  A frilled lizard (D:2)
  7 kobolds
  8 rats
88 creatures vanquished.

Notes
Turn   | Place    | Note
-------+----------+-------------------------------------------
     0 | D:1      | Kold the Octopode Transmuter began the quest for the Orb.
     0 | D:1      | Reached XP level 1. HP: 13/13 MP: 3/3
   275 | D:1      | Reached XP level 2. HP: 15/18 MP: 3/5
   279 | D:1      | Learned a level 2 spell: Sticks to Snakes
   384 | D:1      | Reached skill level 1 in Stealth
   748 | D:2      | Found an ancient bone altar of Kikubaaqudgha.
   748 | D:2      | Found a glowing silver altar of Zin.
   749 | D:2      | Found an ornate altar of the Wu Jian Council.
   771 | D:2      | Found a deep blue altar of Sif Muna.
   775 | D:2      | Found a white marble altar of Elyvilon.
   841 | D:2      | Noticed Terence
   859 | D:2      | Killed Terence
   859 | D:2      | Reached XP level 3. HP: 2/23 MP: 4/6
  1382 | D:2      | Reached XP level 4. HP: 19/28 MP: 7/7
  2094 | D:3      | Learned a level 3 spell: Spider Form
  2282 | D:3      | Reached XP level 5. HP: 23/33 MP: 9/9
  2380 | D:3      | Found a shadowy altar of Dithmenos.
  3146 | D:4      | Reached skill level 1 in Poison Magic
  3149 | D:4      | Reached XP level 6. HP: 18/38 MP: 8/10
  3619 | D:4      | Noticed Eustachio
  3645 | D:4      | Killed Eustachio
  3645 | D:4      | Reached XP level 7. HP: 17/43 MP: 9/12
  4482 | D:5      | Entered Level 5 of the Dungeon
  4482 | D:5      | Found Ybbuklus's General Store.
  4531 | D:5      | Found Irog's General Store.
  4630 | D:5      | Noticed Prince Ribbit
  4823 | D:5      | Noticed Duvessa
  4823 | D:5      | Noticed Dowan
  4837 | D:4      | Killed from afar by Dowan

Skill      XL: |  1  2  3  4  5  6  7 |
---------------+----------------------+-----
Stealth        | 1 2 3 4 |  4.0
Transmutations | 3 4 |  4.1
Poison Magic   | 1 2 3 |  3.3
Unarmed Combat | 4 |  4.7
Spellcasting   | 3 |  3.9
Fighting       | |  1.0
Dodging        | |  2.1

Action                   |  1- 3 |  4- 6 |  7- 9 || total
-------------------------+-------+-------+-------++-------
Melee: Unarmed           |    74 |   118 |    54 ||   246
       Tentacles         |    12 |    17 |     8 ||    37
       Constrict         |    13 |    34 |     9 ||    56
       Kick              |     9 |    30 |     6 ||    45
       Punch             |     1 |     6 |     2 ||     9
 Cast: Beastly Appendage |    20 |    18 |     6 ||    44
       Sticks to Snakes  |     1 |       |       ||     1
       Spider Form       |       |     1 |     2 ||     3
  Use: Scroll            |     5 |     1 |       ||     6
       Potion            |     2 |       |       ||     2
 Stab: Sleeping          |     6 |    14 |     1 ||    21
       Distracted        |       |     1 |       ||     1
  Eat: Chunk             |     2 |     5 |     2 ||     9
       Ration            |       |     1 |       ||     1
Armor: Skin              |    11 |    16 |     3 ||    30
Dodge: Dodged            |    55 |   112 |    42 ||   209
